 Dungeon Crawl Stone Soup version 0.17.1-2-g5865329 (webtiles) character file.

165 ololoev the Chopper (level 5, 0/41 HPs)
             Began as a Demonspawn Fighter on Jan 26, 2016.
             Slain by a hobgoblin
             ... wielding a +0 club
              (2 damage)
             ... on level 3 of the Dungeon.
             The game lasted 00:03:00 (502 turns).

ololoev the Chopper (Demonspawn Fighter)             Turns: 502, Time: 00:03:00

Health: 0/41       AC: 15    Str: 18    XL:     5   Next: 21%
Magic:  5/5        EV:  9    Int:  9    God:
Gold:   34         SH:  0    Dex: 17    Spells: 0 memorised, 4 levels left

rFire  . . .     SeeInvis .     a - +0 war axe
rCold  . . .     Clarity  .     i - +0 plate armour
rNeg   . . .     SustAt   .     (no shield)
rPois  .         Gourm    .     (no helmet)
rElec  .         Spirit   .     (no cloak)
rCorr  .         Warding  .     (no gloves)
rMut   .         Stasis   .     k - +0 pair of boots
MR     .....                    (no amulet)
Stlth  ..........               (no ring)
                                (no ring)

@: agile, not resistant to hostile enchantments, extremely unstealthy
A: icy blue scales 2, nightstalker 1
a: no special abilities


Innate Abilities, Weirdness & Mutations

You are mostly covered in icy blue scales (AC +3, EV -1).
You are slightly more attuned to the shadows.

Inventory:

Hand Weapons
 a - a +0 war axe (weapon)
Armour
 i - a +0 plate armour (worn)
 k - a +0 pair of boots (worn)
Scrolls
 c - a scroll of blinking {unknown}
 d - 3 scrolls of identify {unknown}
 f - a scroll of magic mapping {unknown}
Potions
 h - a potion of agility
 j - a potion of magic
Comestibles
 b - a chunk of flesh
 e - a bread ration
 g - 2 meat rations


   Skills:
 - Level 3.0 Fighting
 * Level 4.0 Axes
 + Level 3.9 Armour
   Level 2.6 Shields


You had 4 spell levels left.
You didn't know any spells.


You were on level 3 of the Dungeon.
You were not hungry.

You visited 1 branch of the dungeon, and saw 4 of its levels.

You collected 34 gold pieces.

#.. ###############
#...#.......[......
..?#..............
#'##..............
#......# ######...
#...(†.# #...
#)).(((########...
#@##.()...(.......
#gKg#..((.((....... ≈≈≈
#$g.#.(............
≈≈≈≈#$$.###############
≈≈≈≈#####≈≈≈≈≈≈≈≈≈≈≈≈≈≈
≈≈≈≈≈≈≈≈≈≈≈≈≈≈≈≈≈≈≈≈≈≈≈
≈≈≈≈≈≈≈≈≈≈≈≈≈≈≈≈≈≈≈≈≈≈≈
≈..≈≈≈.≈≈.≈≈..≈≈≈≈≈≈≈≈≈
.......................

Notes
Turn   | Place    | Note
--------------------------------------------------------------
     0 | D:1      | ololoev the Demonspawn Fighter began the quest for the Orb.
     0 | D:1      | Reached XP level 1. HP: 18/18 MP: 1/1
   169 | D:3      | Gained mutation: You are partially covered in icy blue scales (AC +1). [demonic ancestry]
   169 | D:3      | Reached XP level 2. HP: 21/24 MP: 2/2
   246 | D:3      | Noticed a worker ant
   263 | D:3      | Killed a worker ant
   263 | D:3      | Gained mutation: You are slightly more attuned to the shadows. [demonic ancestry]
   263 | D:3      | Reached XP level 3. HP: 9/29 MP: 3/3
   316 | D:3      | Gained mutation: You are mostly covered in icy blue scales (AC +3, EV -1). [demonic ancestry]
   316 | D:3      | Reached XP level 4. HP: 8/35 MP: 4/4
   486 | D:3      | Noticed a big kobold
   486 | D:3      | Noticed a big kobold
   501 | D:3      | HP: 1/35 [big kobold/short sword (1)]
   502 | D:3      | Killed a big kobold
   502 | D:3      | Reached skill level 4 in Axes
   502 | D:3      | Reached XP level 5. HP: 1/41 MP: 5/5
   502 | D:3      | Slain by a hobgoblin

Dungeon Overview and Level Annotations

Branches:
Dungeon (4/15)
 Temple: D:4-7

Altars:


Message History

You miss the big kobold.
The big kobold is severely wounded.
You hit the gnoll.
The gnoll is heavily wounded.
Your plate armour prevents you from hitting the hobgoblin.
The hobgoblin is moderately wounded.
The hobgoblin hits you but does no damage.
The gnoll hits you but does no damage.
The big kobold hits you but does no damage.
The hobgoblin hits you but does no damage.
Unknown command.
You hit the big kobold.
The big kobold is almost dead.
You hit the hobgoblin but do no damage.
The hobgoblin is moderately wounded.
Your plate armour prevents you from hitting the gnoll.
The gnoll is heavily wounded.
The gnoll hits you but does no damage. The big kobold barely misses you.
The hobgoblin barely misses you. The gnoll hits you but does no damage.
Unknown command.
Your plate armour prevents you from hitting the big kobold.
The big kobold is almost dead.
You hit the hobgoblin.
The hobgoblin is heavily wounded.
You barely miss the gnoll.
The gnoll is heavily wounded.
The big kobold hits you with a short sword.
The hobgoblin hits you but does no damage.
The gnoll hits you but does no damage. The big kobold closely misses you.
Unknown command.
You slash the big kobold!
You kill the big kobold!
Your Axes skill increases to level 4!
You have reached level 5!
You barely miss the hobgoblin.
The hobgoblin is heavily wounded.
You hit the gnoll but do no damage.
The gnoll is heavily wounded.
The hobgoblin hits you with a club.
You die...

You could see a big kobold, 2 gnolls and a hobgoblin.

Vanquished Creatures
  A big kobold (D:3)
  A worker ant (D:3)
  2 adders (D:3)
  3 gnolls (D:3)
  A giant gecko (D:3)
  An orc (D:3)
  2 bats
  3 hobgoblins (D:3)
  2 jackals (D:3)
  A ball python (D:3)
  2 giant cockroaches
  17 kobolds (D:3)
36 creatures vanquished.

Action                   |  1- 3 |  4- 6 || total
-------------------------+-------+-------++-------
Melee: War axe           |    40 |    49 ||    89
  Use: Potion            |     2 |     2 ||     4

Vault maps used:
D:1:      dpeg_arrival_simpleton_c
D:2:      serial_co_window_serial, co_window_paths_b, co_window_paths_b,
          co_window_paths_b, co_window_corner_a, co_window_paths_a,
          co_window_corner_cb, co_window_corner_ca, co_window_of_opportunity_c,
          co_window_unsneaky_path_d, co_window_4corner_b, co_window_paths_d,
          glass_columns_c, minmay_misc_feat_ornament, uniq_robin
D:3:      minmay_goblin_kobold_castle, lemuel_doored_altar, minmay_quantized
D:4:      first_bread, minivault_27
